 Dungeon Crawl Stone Soup version 0.29.1 (webtiles) character file.

Game seed: 15544730540772294843

166 Powertoast the Ducker (level 5, -3/50 HPs)
             Began as a Troll Gladiator on Sept 12, 2022.
             Slain by a black bear (7 damage)
             ... on level 4 of the Dungeon.
             The game lasted 00:07:09 (1682 turns).

Powertoast the Ducker (Troll Gladiator)             Turns: 1682, Time: 00:07:10

Health: -3/50      AC:  5    Str: 22    XL:     5   Next: 22%
Magic:  4/4        EV: 11    Int:  4    God:
Gold:   71         SH:  0    Dex: 13    Spells: 4/4 levels left

rFire   . . .      SeeInvis .   b - +0 hand axe (elec)
rCold   . . .      Faith    .   (no shield)
rNeg    . . .      Spirit   .   v - +0 robe
rPois   .          Reflect  .   c - +0 hat
rElec   .          Harm     .   k - +0 cloak
rCorr   .          Rampage  .   (gloves unavailable)
Will    .....                   (boots unavailable)
Stlth   +.........              (no amulet)
HPRegen 0.96/turn               (no ring)
MPRegen 0.09/turn               (no ring)

@: no status effects
A: large, unfitting armour, claws 3, regeneration 1, shaggy fur 1, tough skin 1
a: no special abilities


You were on level 4 of the Dungeon.
You visited 1 branch of the dungeon, and saw 4 of its levels.

You collected 71 gold pieces.

Inventory:

Hand Weapons
 a - a +0 flail
 b - a +0 hand axe of electrocution (weapon)
Missiles
 d - 3 throwing nets
 e - a large rock
 m - 4 poisoned darts
 p - 26 stones (quivered)
Armour
 c - a +0 hat (worn)
 k - a +0 cloak (worn)
 v - a +0 robe (worn)
Wands
 j - a wand of quicksilver (9)
 n - a wand of flame (29)
Scrolls
 f - 6 scrolls of teleportation
 g - a scroll of fear {unknown}
 h - a scroll of enchant armour {unknown}
 l - a scroll of blinking {unknown}
 r - a scroll of identify {unknown}
 t - a scroll of magic mapping {unknown}
 w - a scroll of silence {unknown}
Potions
 i - 5 potions of heal wounds {unknown}
 o - a potion of lignification {unknown}
 q - a potion of degeneration {unknown}
 s - 2 potions of curing {unknown}
 u - a potion of berserk rage {unknown}


   Skills:
 + Level 2.5 Fighting
 + Level 3.4 Maces & Flails
 - Level 2.0 Throwing
 - Level 4.0 Dodging


You had 4 spell levels left.
You didn't know any spells.
Your spell library contained the following spells:

 Spells                   Type           Power      Damage    Failure   Level
 Leda's Liquefaction      Hex/Erth       0%         N/A       99%         4
 Lee's Rapid Deconstruct  Erth           0%         3d5*      100%        5
 Statue Form              Tmut/Erth      0%         N/A       100%        6


Dungeon Overview and Level Annotations

Branches:
Dungeon (4/15)
 Temple: D:4-7

Altars:
The Shining One

Annotations:
D:3 2 runed translucent doors


Innate Abilities, Weirdness & Mutations

You are too large for most types of armour.
You have claws for hands.
Your natural rate of healing is unusually fast.
You are covered in fur. (AC +1)
You have tough skin. (AC +1)


Message History

The black bear bites you!
The black bear claws you but does no damage. x2
You hit the black bear but do no damage.
The black bear is lightly wounded.
The black bear bites you but does no damage.
The black bear barely misses you. The black bear claws you.
You hit the black bear.
Lightning courses through the black bear!
The black bear is severely wounded.
The black bear goes berserk!
You barely miss the black bear.
The black bear is severely wounded.
The black bear bites you. The black bear barely misses you. x2
The black bear bites you! The black bear misses you. The black bear claws you.
You closely miss the black bear.
The black bear is severely wounded.
The black bear bites you. The black bear closely misses you.
The black bear claws you but does no damage.
The black bear barely misses you.
The black bear claws you but does no damage. x2
You closely miss the black bear.
The black bear is severely wounded.
The black bear bites you. The black bear closely misses you.
The black bear claws you but does no damage.
You hit the black bear.
The black bear is severely wounded.
The black bear bites you.
* * * LOW HITPOINT WARNING * * *
The black bear claws you.
* * * LOW HITPOINT WARNING * * *
The black bear claws you.
* * * LOW HITPOINT WARNING * * *
The black bear closely misses you.
The black bear claws you but does no damage.
The black bear claws you.
* * * LOW HITPOINT WARNING * * *
You hit the black bear.
The black bear is almost dead.
The black bear bites you!
You die...

#.#..............#
...#.####.........#
#.# #.# #.........#
.. .. ###.........#
... #...##...####
.. .........#.#
.........#.#
.....[..##h#
.........#@##
............#
...............
#.....##.#.....
#..... #.###...#
#..[< #.# ...#
#>..! #.# ..# ...#
#.# .# ... .#


You could see a black bear (berserk).

Vanquished Creatures
  A crimson imp (D:3)
  Ijyb (D:3)
  Robin (D:2)
  An adder (D:2)
  An ufetubus (D:4)
  A worm (D:3)
  2 dart slugs (D:1)
  4 orcs (D:3)
  6 ball pythons
  3 endoplasms
  3 giant cockroaches
  14 goblins
  7 hobgoblins
  A quokka (D:3)
  3 bats
  4 frilled lizards
  4 goblin skeletons (D:3)
  A goblin zombie (D:3)
  4 hobgoblin zombies (D:3)
  5 kobolds
  A kobold skeleton (D:3)
  A kobold zombie (D:3)
  2 rats (D:1)
71 creatures vanquished.

Notes
Turn   | Place    | Note
-------+----------+-------------------------------------------
     0 | D:1      | Powertoast the Troll Gladiator began the quest for the Orb.
     0 | D:1      | Reached XP level 1. HP: 19/19 MP: 0/0
    77 | D:1      | Reached XP level 2. HP: 28/28 MP: 1/1
   474 | D:2      | Reached XP level 3. HP: 34/35 MP: 2/2
   525 | D:2      | Reached skill level 3 in Dodging
   528 | D:2      | Noticed Robin
   550 | D:2      | Killed Robin
   613 | D:2      | Found a faded altar of an unknown god.
  1017 | D:2      | Reached XP level 4. HP: 42/42 MP: 3/3
  1281 | D:3      | Found a glowing golden altar of the Shining One.
  1319 | D:3      | Identified the +1 leather armour "Ere Sifo" {Slay+5}
  1332 | D:3      | Reached skill level 4 in Dodging
  1433 | D:3      | Found a large runed translucent door.
  1433 | D:3      | Found a large runed translucent door.
  1451 | D:3      | Noticed Ijyb
  1466 | D:3      | Killed Ijyb
  1467 | D:3      | Reached XP level 5. HP: 21/50 MP: 4/4
  1656 | D:4      | Noticed a black bear
  1682 | D:4      | Slain by a black bear

Illustrated notes

Levels and vault maps discovered:
D:1:      elethiomel_arrival_infinity_welcomes_careful_drivers, layout_rooms
D:2:      layout_basic, ebering_ecumenical_altar_mist, skrybe_limestone_x,
          minmay_misc_feat_nine_boxes, uniq_robin
D:3:      layout_basic, nicolae_tso_besieged_by_evil,
          ebering_ghost_disaster_area, uniq_ijyb
D:4:      layout_rooms, portal_sewer_entry_d, uniq_edmund

Skill      XL: |  1  2  3  4 |
---------------+-------------+-----
Maces & Flails | 3 |  3.4
Throwing       | 2 |  2.0
Fighting       | 2 |  2.5
Dodging        | 3 4 |  4.0

Action                   |  1- 3 |  4- 6 || total
-------------------------+-------+-------++-------
Melee: Flail             |   102 |    78 ||   180
       Punch             |       |     1 ||     1
       Hand axe          |       |    15 ||    15
Throw: Stone             |     7 |       ||     7
  Use: Scroll            |       |     2 ||     2
Armor: Robe              |    45 |    49 ||    94
Dodge: Dodged            |    65 |    70 ||   135
